 Dungeon Crawl Stone Soup version 0.18-a0-1443-ge8f1551 (webtiles) character file.

1877 4thArraOfDagon the Grappler (level 8, -4/77 (78) HPs)
             Began as a Troll Berserker on Feb 29, 2016.
             Was a Believer of Trog.
             Slain by a troll (13 damage)
             ... on level 10 of the Dungeon.
             The game lasted 00:04:40 (882 turns).

4thArraOfDagon the Grappler (Troll Berserker)        Turns: 882, Time: 00:04:41

HP:   -4/77 (78)    AC:  6    Str: 28    XL:     8   Next: 91%
MP:   7/7           EV: 10    Int:  3    God:    Trog [**....]
Gold: 95            SH:  0    Dex:  9    Spells: 0 memorised, 7 levels left

rFire  . . .     SeeInvis .       - Unarmed
rCold  . . .     Gourm    +     a - +1 animal skin
rNeg   . . .     Faith    .     (no shield)
rPois  .         Spirit   .     (helmet restricted)
rElec  .         Dismiss  .     (no cloak)
rCorr  .         Reflect  .     (gloves unavailable)
SustAt .         Harm     .     (boots unavailable)
MR     ++++.                    (no amulet)
Stlth  +.........               i - ring of protection from magic
                                e - ring of protection from magic

@: exhausted, recuperating, mildly diseased, slowed, very slow, incredibly
resistant to hostile enchantments, very unstealthy
A: unfitting armour, claws 3, fast metabolism 3, gourmand, regeneration 2,
shaggy fur 1, tough skin 2
a: Berserk, Trog's Hand, Burn Spellbooks, Renounce Religion


You were on level 10 of the Dungeon.
You worshipped Trog.
Trog was pleased with you.
You were full.

You visited 1 branch of the dungeon, and saw 10 of its levels.

You collected 95 gold pieces.

Inventory:

Hand Weapons
 m - a +0 giant spiked club
Armour
 a - a +1 animal skin (worn)
Magical Staves
 l - an uncursed staff of poison {unknown}
Jewellery
 e - a ring of protection from magic (left claw)
 i - a ring of protection from magic (right claw)
Potions
 d - a potion of curing {unknown}
 g - a potion of flight {unknown}
 j - a potion of cure mutation {unknown}
 k - a potion of agility {unknown}
Comestibles
 b - 3 bread rations
 c - a meat ration
 h - a slice of pizza


   Skills:
 + Level 4.3 Fighting
 - Level 2.4 Dodging
 * Level 11.0 Unarmed Combat


You had 7 spell levels left.
You didn't know any spells.

Dungeon Overview and Level Annotations

Branches:
Dungeon (10/15)            Temple (0/1) D:7
   Lair: D:8-11         Orc: D:9-12

Altars:
Okawaru
Vehumet
Yredelemnul


Innate Abilities, Weirdness & Mutations

You are too large for most types of armour.
You have claws for hands.
Your metabolism is lightning-fast.
You like to eat raw meat.
You heal very quickly.
You are covered in fur (AC +1).
You have very tough skin (AC +2).


Message History

Unknown command.
The spellbook bursts into flames.
Trog is delighted!
You feel slightly less full.
The troll is engulfed in roaring flames.
The troll bites you.
* * * LOW HITPOINT WARNING * * *
The troll misses you. The troll closely misses you.
The troll is engulfed in roaring flames.
The troll bites you!
* * * LOW HITPOINT WARNING * * *
The troll claws you but does no damage. The troll claws you.
* * * LOW HITPOINT WARNING * * *
Unknown command.
Unknown command.
Unknown command.
You claw the troll!
The troll is severely wounded.
The troll is engulfed in roaring flames.
The troll bites you!
You die...

+#### ......####
......ZT.## ##########
......##@.###....<...#
..... ##...'.....†..#
.... #####........#
... #........# (.
#........# .
#........# ####+#####


You could see a troll and a giant frog zombie.

Vanquished Creatures
  A hill giant (D:10)
  Grinder (D:3)
  Sigmund (D:6)
  2 black bears (D:8)
  2 ogres
  A necrophage (D:10)
  A phantom (D:8)
  A scorpion (D:6)
  2 howler monkeys (D:8)
  3 crimson imps
  A hound (D:4)
  2 orc priests
  2 orc wizards
  A worker ant (D:8)
  5 gnolls
  3 adders
  A dart slug (D:1)
  3 giant geckos
  7 orcs
  A giant cockroach (D:2)
  2 goblins (D:2)
  3 hobgoblins (D:2)
  A kobold (D:2)
  A quokka (D:4)
  A giant newt (D:4)
49 creatures vanquished.

Notes
Turn   | Place    | Note
--------------------------------------------------------------
     0 | D:1      | 4thArraOfDagon the Troll Berserker began the quest for the Orb.
     0 | D:1      | Reached XP level 1. HP: 22/22 MP: 0/0
    96 | D:2      | Reached XP level 2. HP: 27/29 MP: 1/1
   121 | D:3      | Noticed Grinder
   121 | D:3      | Reached skill level 4 in Unarmed Combat
   121 | D:3      | Reached XP level 3. HP: 36/36 MP: 2/2
   189 | D:3      | Killed Grinder
   189 | D:3      | Reached skill level 6 in Unarmed Combat
   189 | D:3      | Reached XP level 4. HP: 44/44 MP: 3/3
   189 | D:3      | Reached XP level 5. HP: 50/50 MP: 4/4
   189 | D:3      | Reached XP level 6. HP: 59/59 MP: 5/5
   225 | D:3      | Found a basalt altar of Yredelemnul.
   227 | D:3      | Found a radiant altar of Vehumet.
   230 | D:3      | Found an iron altar of Okawaru.
   255 | D:4      | Reached skill level 7 in Unarmed Combat
   284 | D:4      | Reached ** piety under Trog
   347 | D:4      | Reached skill level 8 in Unarmed Combat
   355 | D:5      | Entered Level 5 of the Dungeon
   443 | D:6      | Noticed Sigmund
   453 | D:6      | Killed Sigmund
   453 | D:6      | Reached XP level 7. HP: 66/66 MP: 6/6
   461 | D:6      | Noticed a hippogriff
   468 | D:6      | You fall through a shaft for 2 floors!
   478 | D:8      | Reached skill level 9 in Unarmed Combat
   607 | D:7      | Reached XP level 8. HP: 71/74 MP: 7/7
   616 | D:7      | Found a staircase to the Ecumenical Temple.
   730 | D:8      | Reached skill level 10 in Unarmed Combat
   854 | D:10     | Entered Level 10 of the Dungeon
   854 | D:10     | Noticed a hill giant
   861 | D:10     | Killed a hill giant
   861 | D:10     | Reached skill level 11 in Unarmed Combat
   877 | D:10     | Noticed a troll
   882 | D:10     | Slain by a troll

Vault maps used:
D:1:      scummos_arrival_forest
D:3:      grunt_temple_overflow_open, old_standard_altar, first_bread,
          uniq_grinder
D:4:      cheibriados_altar_1
D:5:      uniq_pikel
D:6:      basic_altar, uniq_sigmund
D:7:      grunt_temple_overflow_gold_and_silver, lemuel_crystal_altar,
          minmay_temple_entry_glassed_door, fedhas_altar_4
D:10:     lair_0_dummy, grunt_ministairs_14, the_bakery

Skill      XL: |  1  2  3  4  5  6  7  8 |
---------------+-------------------------+-----
Unarmed Combat | 4 6 8 9 11 | 11.0
Fighting       | 4 |  4.3
Dodging        | |  2.4

Action                   |  1- 3 |  4- 6 |  7- 9 || total
-------------------------+-------+-------+-------++-------
Melee: Unarmed           |    33 |    53 |    60 ||   146
Invok: Berserk           |     2 |     2 |     1 ||     5
       Trog's Hand       |       |     1 |     1 ||     2
       Burn Spellbooks   |       |       |     1 ||     1
  Use: Scroll            |       |       |     3 ||     3
  Eat: Chunk             |     5 |     6 |     5 ||    16
